 Dungeon Crawl Stone Soup version 0.28-b1 (webtiles) character file.

Game seed: 14464516639029991191

200 H0rd4k the Magician (level 5, 0/28 HPs)
             Began as a Deep Elf Hedge Wizard on Jan 26, 2022.
             Slain by a bullfrog (5 damage)
             ... in a sewer.
             The game lasted 00:06:27 (5109 turns).

H0rd4k the Magician (Deep Elf Hedge Wizard)         Turns: 5109, Time: 00:06:28

Health: 0/28       AC:  2    Str:  7    XL:     5   Next: 49%
Magic:  11/16      EV: 12    Int: 21    God:
Gold:   172        SH:  0    Dex: 14    Spells: 14/17 levels left

rFire   x . .      SeeInvis .   a - +0 dagger
rCold   + . .      Faith    .   (no shield)
rNeg    . . .      Spirit   .   b - +0 robe
rPois   .          Reflect  .   c - +0 hat
rElec   .          Harm     .   (no cloak)
rCorr   .          Rampage  .   (no gloves)
Will    .....                   (no boots)
Stlth   +.........              (no amulet)
HPRegen 0.09/turn               i - ring of ice
MPRegen 0.15/turn               (no ring)

@: lethally poisoned (0 -> -5), very slow
A: no striking features
a: no special abilities


You were in a sewer.
You visited 1 branch of the dungeon, and saw 4 of its levels.
You also visited: Sewer.

You collected 172 gold pieces.

Inventory:

Hand Weapons
 a - a +0 dagger (weapon)
Missiles
 e - 4 poisoned darts
Armour
 b - a +0 robe (worn)
 c - a +0 hat (worn)
Jewellery
 i - a ring of ice (left hand)
Scrolls
 d - 2 scrolls of identify {unknown}
 g - 2 scrolls of amnesia {unknown}
 j - 2 scrolls of noise {unknown}
 k - 2 scrolls of teleportation {unknown}
 p - a scroll of fear {unknown}
 q - a scroll of blinking {unknown}
 r - a scroll of holy word {unknown}
Potions
 h - a potion of attraction {unknown}
 l - a potion of ambrosia {unknown}
 m - a potion of brilliance {unknown}
 n - a potion of might {unknown}
 o - 2 potions of heal wounds {unknown}
 s - a potion of cancellation {unknown}
 t - 2 potions of experience {unknown}


   Skills:
 + Level 0.2 Fighting
 + Level 0.1 Short Blades
 + Level 2.6 Dodging
 + Level 2.9 Stealth
 + Level 6.9 Spellcasting
 + Level 3.5 Conjurations
 + Level 1.1 Summonings
 + Level 1.1 Translocations


You had 14 spell levels left.
You knew the following spells:

 Your Spells              Type           Power      Damage    Failure   Level
a - Magic Dart            Conj           88%        1d7       1%          1
b - Blink                 Tloc           24%        N/A       9%          2

Your spell library contained the following spells:

 Spells                   Type           Power      Damage    Failure   Level
 Slow                     Hex            28%        N/A       9%          1
 Call Imp                 Summ           11%        N/A       9%          2
 Conjure Flame            Conj/Fire      14%        6-21      13%         3
 Mephitic Cloud           Conj/Pois/Air  12%        N/A       17%         3


Dungeon Overview and Level Annotations

Branches:
Dungeon (4/15)              Sewer (1/1)
 Temple: D:4-7

Altars:

Annotations:
D:3 1 runed translucent door, exclusion: door, Crazy Yiuf


Message History

* * * LOW HITPOINT WARNING * * *
The adder bites you.
* * * LOW HITPOINT WARNING * * *
Casting: Blink (safe; 9% risk of failure)
Confirm with . or Enter, or press ? or * to list all spells.
You are still too unstable to blink.
Unknown command.
It was a potion of curing.
You feel better. The bullfrog hits you.
* * * LOW HITPOINT WARNING * * *
The ball python barely misses you. x2; The frilled lizard barely misses you.
The adder barely misses you. The bullfrog closely misses you.
You feel better.
The ball python bites you but does no damage.
The ball python closely misses you. The bullfrog hits you.
The adder bites you but does no damage. The frilled lizard closely misses you.
The bullfrog hits you!
Unknown command.
Casting: Blink (safe; 9% risk of failure)
Confirm with . or Enter, or press ? or * to list all spells.
You are still too unstable to blink.
Unknown command.
Casting: Blink (safe; 9% risk of failure)
Confirm with . or Enter, or press ? or * to list all spells.
You are still too unstable to blink.
Unknown command.
The bullfrog hits you.
* * * LOW HITPOINT WARNING * * *
The bullfrog misses you.
The bullfrog hits you but does no damage.
The bullfrog hits you.
* * * LOW HITPOINT WARNING * * *
The adder completely misses you.
You feel better.
You feel stable enough to blink again. The bullfrog barely misses you.
The bullfrog closely misses you. The adder bites you.
* * * LOW HITPOINT WARNING * * *
You are lethally poisoned!
The adder poisons you! The adder closely misses you. The bullfrog hits you.
You die...

######################
###..≈≈≈≈≈≈≈≈≈≈≈≈≈≈≈....
##....≈≈≈≈≈≈≈..†S≈≈≈≈≈...
#.....≈≈≈≈≈≈≈≈≈#FSl≈≈....
#....≈≈≈≈≈≈≈≈≈≈S@F≈≈#≈...
#†....≈≈≈≈≈≈≈≈≈≈≈S≈≈≈....
.†...#≈≈≈≈≈≈≈≈≈≈≈≈≈≈≈....
...†####################+
...#### ...#..# ...'..#
..##### ...##


You could see 2 bullfrogs, 2 adders, 2 ball pythons and a frilled lizard.

Vanquished Creatures
  4 adders
  3 river rats (Sewer)
  An ufetubus (D:3)
  3 worms
  2 dart slugs (D:2)
  An orc (D:3)
  22 ball pythons
  8 bats
  11 endoplasms
  6 giant cockroaches
  6 goblins
  A hobgoblin (D:1)
  8 jackals
  7 kobolds
  5 quokkas
  5 frilled lizards
  26 rats
119 creatures vanquished.

Vanquished Creatures (others)
  A fungus (D:3)
1 creature vanquished.

Grand Total: 120 creatures vanquished

Notes
Turn   | Place    | Note
-------+----------+-------------------------------------------
     0 | D:1      | H0rd4k the Deep Elf Hedge Wizard began the quest for the
                  | Orb.
     0 | D:1      | Reached XP level 1. HP: 10/10 MP: 7/7
   253 | D:1      | Found a faded altar of an unknown god.
   313 | D:1      | Reached skill level 5 in Spellcasting
   374 | D:1      | Reached XP level 2. HP: 12/15 MP: 1/10
   826 | D:1      | Reached XP level 3. HP: 19/19 MP: 4/12
  2139 | D:2      | Reached skill level 6 in Spellcasting
  2652 | D:2      | Reached XP level 4. HP: 24/24 MP: 5/14
  3034 | D:2      | Learned a level 2 spell: Blink
  4187 | D:3      | Found a runed translucent door.
  4190 | D:3      | Noticed Crazy Yiuf
  4224 | D:4      | Noticed an ogre
  4316 | D:4      | Found a glowing drain.
  4361 | Sewer    | Entered a sewer
  4641 | Sewer    | Reached XP level 5. HP: 28/28 MP: 14/16
  5108 | Sewer    | HP: 1/28 [bullfrog (5)]
  5109 | Sewer    | Slain by a bullfrog

Illustrated notes

Levels and vault maps discovered:
D:1:      dpeg_arrival_renting, layout_basic,
          dreamdust_ecumenical_altar_statues, wad_floor_pattern_untrapped
D:2:      minmay_angry_zag, layout_basic, minmay_pentomino_pile
D:3:      layout_rooms, kennysheep_generic_room_12, uniq_crazy_yiuf_cottage
D:4:      layout_rooms, makhleb_altar_promises_db,
          lemuel_coloured_pillars_altar, serial_shops, kennysheep_little_box,
          portal_sewer_entry_a
Sewer:    sewer_minmay_w

Skill      XL: |  1  2  3  4 |
---------------+-------------+-----
Spellcasting   | 5 6 |  6.9
Conjurations   | 2 3 |  3.5
Fighting       | |  0.2
Short Blades   | |  0.1
Dodging        | |  2.6
Stealth        | |  2.9
Summonings     | |  1.1
Translocations | |  1.1

Action                   |  1- 3 |  4- 6 || total
-------------------------+-------+-------++-------
Melee: Dagger            |    13 |    18 ||    31
       Punch             |       |     1 ||     1
 Cast: Magic Dart        |   144 |   170 ||   314
       Blink             |       |     3 ||     3
  Use: Potion            |       |     3 ||     3
Armor: Robe              |     8 |    12 ||    20
Dodge: Dodged            |    17 |    53 ||    70
